Map: Divergence LE

Players

iRos - Winner!

  • Race: Terran Terran
  • League: Platinum
  • Spawn Location: 5:00

Tydirius - Winner!

  • Race: Protoss Protoss
  • League: Diamond
  • Spawn Location: 5:00

Massa

  • Race: Terran Terran
  • League: Gold
  • Spawn Location: 11:00

qqq

  • Race: Zerg Zerg
  • League: Platinum
  • Spawn Location: 11:00

VOD

Have the link to the VOD?

Description

Time

  • Played on: April 13, 2020, 12:33 p.m.
  • Length: 7:54
Show
View Real Time Build Order
Export as new Build Order

iRos Terran - Winner!

Build Orders: 1/1/1 

Get SALT Encoding   

  12  0:02  SCV  
  13  0:14  SCV  
  14  0:23  Supply Depot  
  14  0:26  SCV  
  14  0:28  Refinery  
  15  0:45  SCV  
  15  0:48  Barracks  
  16  0:57  SCV  
  17  1:09  SCV  
  18  1:21  SCV  
  19  1:38  Marine  
  20  1:42  Factory  
  20  1:46  Orbital Command, Supply Depot  
  20  1:50  Refinery  
  20  1:56  Marine  
  21  2:10  Supply Depot  
  21  2:12  SCV  
  22  2:24  SCV  
  22  2:27  Starport  
  23  2:34  Marine  
  23  2:36  SCV  
  25  2:40  Hellion  
  27  2:52  Marine  
  28  3:01  SCV, Hellion  
  31  3:06  Starport Reactor  
  31  3:07  Starport Tech Lab  
  31  3:09  Fusion Core  
  31  3:10  Marine  
  32  3:23  Hellion  
  34  3:28  Marine  
  35  3:44  Hellion  
  35  4:06  Hellion  
  37  4:19  Supply Depot  
  37  4:24  Marine  
  37  4:25  Battlecruiser  
  37  4:27  Hellion  
  46  4:42  Marine  
  43  4:48  Hellion  
  43  4:49  Weapon Refit  
  45  4:53  Supply Depot  
  45  5:00  Marine  
  44  5:27  Widow Mine  
  42  5:31  Battlecruiser  
  48  5:48  Widow Mine  
  50  6:35  Battlecruiser  
Show
View Real Time Build Order
Export as new Build Order

Tydirius Protoss - Winner!

Build Orders: Cannon Rush 

Get SALT Encoding   

  12  0:01  Probe (Chrono Boost)  
  13  0:15  Pylon  
  13  0:19  Probe  
  14  0:36  Forge  
  14  0:44  Pylon  
  14  0:46  Probe  
  15  0:58  Probe  
  16  1:11  Photon Cannon  
  16  1:16  Photon Cannon  
  16  1:34  Pylon  
  15  1:44  Gateway  
  15  1:59  Photon Cannon  
  15  2:06  Pylon  
  15  2:16  Pylon  
  15  2:30  Photon Cannon  
  15  2:32  Pylon  
  15  2:35  Photon Cannon  
  15  2:45  Assimilator  
  15  2:53  Photon Cannon  
  15  3:05  Photon Cannon  
  15  3:15  Photon Cannon  
  15  3:28  Photon Cannon  
  15  3:41  Cybernetics Core  
  15  3:42  Probe (Chrono Boost)  
  16  3:59  Zealot (Chrono Boost)  
  18  4:17  Zealot (Chrono Boost)  
  20  4:30  Probe (Chrono Boost)  
  21  4:34  Assimilator  
  21  4:36  Pylon  
  19  4:42  Zealot (Chrono Boost)  
  21  5:01  Zealot  
  21  5:04  Probe  
  24  5:16  Probe  
  21  5:28  Probe, Zealot  
  21  5:32  Photon Cannon  
  24  5:40  Probe  
  25  5:43  Stargate  
  24  5:53  Probe  
  23  6:05  Probe  
  24  6:12  Stargate  
  24  6:17  Probe (Chrono Boost)  
  25  6:27  Probe (Chrono Boost)  
  24  6:39  Void Ray (Chrono Boost)  
  28  6:58  Probe  
  28  7:00  Void Ray (Chrono Boost)  
  33  7:01  Pylon  
  33  7:43  Photon Cannon  
  37  7:45  Photon Cannon  
Show
View Real Time Build Order
Export as new Build Order

Massa Terran 

Build Orders:  

Get SALT Encoding   

  12  0:02  SCV  
  13  0:18  SCV  
  13  0:20  Supply Depot  
  14  0:30  SCV  
  15  0:42  SCV  
  16  0:45  Refinery  
  16  0:48  Barracks  
  16  0:54  SCV  
  17  1:02  Supply Depot  
  17  1:07  SCV  
  18  1:19  SCV  
  19  1:31  SCV  
  18  1:57  SCV  
  18  2:01  Factory  
  19  2:04  Supply Depot  
  19  2:07  Supply Depot  
  19  2:25  SCV, Marine  
  21  2:37  SCV  
  21  2:43  Marine  
  23  2:45  Factory Tech Lab  
  23  2:49  SCV  
  24  3:01  Refinery  
  24  3:02  SCV  
  24  3:04  Barracks  
  24  3:05  Siege Tank  
  28  3:14  SCV  
  29  3:25  Supply Depot  
  29  3:28  Orbital Command  
  29  3:48  Supply Depot  
  29  3:53  Siege Tank  
  27  4:49  Engineering Bay  
  27  4:54  Cyclone  
  27  4:57  Barracks Reactor  
  31  5:00  SCV  
  22  5:22  Marine  
  22  5:26  Cyclone  
  23  5:29  SCV  
  24  5:40  Marine  
  24  5:41  SCV  
  26  5:47  Marine x2  
  28  5:53  SCV  
  28  5:55  Missile Turret  
  29  5:58  Marine  
  30  6:05  SCV, Marine x2  
  29  6:15  Missile Turret  
  29  6:16  Marine  
  29  6:17  SCV  
  25  6:22  Marine  
  25  6:34  Marine  
  25  6:35  Cyclone  
  25  6:36  Missile Turret  
  23  6:44  Marine x2  
  24  6:51  Marine  
  25  6:55  Missile Turret  
  25  7:02  Marine x2  
  27  7:10  Missile Turret  
  25  7:24  Marine x3  
  25  7:52  Missile Turret  
Show
View Real Time Build Order
Export as new Build Order

qqq Zerg 

Build Orders: Hatch First 

Get SALT Encoding   

  12  0:03  Drone  
  13  0:08  Drone  
  14  0:41  Hatchery  
  13  0:50  Spawning Pool  
  13  0:54  Drone  
  13  1:00  Drone  
  14  1:06  Overlord  
  14  1:09  Extractor  
  13  1:13  Drone  
  14  1:46  Zergling x2  
  14  1:47  Zergling x4  
  16  1:55  Drone  
  17  2:06  Roach Warren  
  15  2:34  Drone x3  
  15  2:35  Drone  
  15  2:36  Overlord  
  19  2:47  Overlord  
  19  3:01  Roach  
  19  3:05  Drone x3  
  24  3:15  Roach  
  26  3:22  Spine Crawler  
  23  3:30  Ravager  
  23  3:33  Roach x2  
  28  3:38  Ravager  
  29  3:43  Drone x3  
  32  4:05  Roach x2  
  36  4:22  Overlord x4  
  36  4:38  Spine Crawler  
  35  4:40  Queen  
  35  4:41  Drone x2  
  35  4:43  Drone  
  35  4:45  Queen  
  42  4:55  Ravager  
  42  4:56  Ravager  
  42  4:58  Drone  
  45  5:05  Spore Crawler  
  44  5:15  Queen  
  42  5:41  Roach x2  
  42  5:42  Roach x3  
  52  5:43  Drone  
  43  6:10  Drone x4  
  41  6:22  Ravager  
  42  6:32  Spore Crawler  
  41  6:33  Drone x2  
  41  6:34  Drone x2, Queen  
  41  6:36  Queen  
  46  6:50  Roach x2  
  41  7:15  Drone  
  41  7:16  Drone x3  
  41  7:17  Drone  
  46  7:29  Drone  
  47  7:34  Spore Crawler  
  47  7:35  Hatchery  
  45  7:38  Hatchery  
Tags
 
Add a new tag
Caveats
  • Supply blocks, unpowered buildings, or Contaminate may cause inaccurate times.
  • Supply counts are checked every 10 seconds.